 Dungeon Crawl Stone Soup version 0.30-a0-937-ga0a21ad780 (webtiles) character file.

Game seed: 16725651007845533720

2 Hades the Insei (level 1, 0/15 HPs)
             Began as a Demigod Transmuter on Mar 24, 2023.
             Slain by a ball python (1 damage)
             ... on level 1 of the Dungeon.
             The game lasted 00:00:47 (133 turns).

Hades the Insei (Demigod Transmuter)                 Turns: 133, Time: 00:00:48

Health: 0/15       AC:  2    Str: 11    XL:     1   Next: 26%
Magic:  5/5        EV:  9    Int: 15    God:
Gold:   0          SH:  0    Dex: 14    Spells: 2/3 levels left

rFire   . . .      SeeInvis .    d - +0 spear (freeze)
rCold   . . .      Faith    .    (no shield)
rNeg    . . .      Spirit   .    a - +0 robe
rPois   .          Reflect  .    (no helmet)
rElec   .          Rampage  .    (no cloak)
rCorr   .                        (no gloves)
Will    .....                    (no boots)
Stlth   +                        (no amulet)
HPRegen 0.22/turn                (no ring)
MPRegen 0.09/turn                (no ring)

@: constricted
A: high MP 1, forlorn, divine attributes
a: no special abilities


You were on level 1 of the Dungeon.
You visited 1 branch of the dungeon, and saw 1 of its levels.

Inventory:

Hand Weapons
 d - a +0 spear of freezing (weapon)
Armour
 a - a +0 robe (worn)
Scrolls
 c - a scroll of amnesia {unknown}
Potions
 b - 2 potions of lignification


   Skills:
 + Level 0.8 Fighting
 + Level 1.8 Dodging
 + Level 2.8 Unarmed Combat
 + Level 1.7 Spellcasting
 + Level 1.7 Transmutations


You had 2 spell levels left.
You knew the following spells:

 Your Spells              Type           Power      Damage    Failure   Level
a - Beastly Appendage     Tmut           12%        N/A       11%         1

Your spell library contained the following spells:

 Spells                   Type           Power      Damage    Failure   Level
 Wereblood                Tmut           6%         N/A       17%         2
 Spider Form              Tmut/Pois      4%         N/A       43%         3
 Ice Form                 Ice/Tmut       4%         N/A       83%         4


Dungeon Overview and Level Annotations

Branches:
Dungeon (1/15)


Innate Abilities, Weirdness & Mutations

You have an increased reservoir of magic. (+10% MP)
You shall have no god before yourself.
Your divine heritage dramatically boosts your attributes as you level up.


Message History

Found a robe.
The jackal barks!
The kobold misses you.
The jackal bites you but does no damage.
The kobold hits you but does no damage.
The jackal barks!
You hit the kobold. You freeze the kobold.
You kill the kobold!
The jackal barely misses you.
The ball python bites you but does no damage.
The ball python barely misses you. The jackal bites you.
The ball python bites you but does no damage.
The ball python grabs you. The ball python constricts you.
The ball python barely misses you.
You hit the ball python. You freeze the ball python.
You kill the ball python!
The jackal bites you. The ball python misses you. The ball python grabs you.
The ball python constricts you.
You escape the ball python's grasp.
The ball python closely misses you. x2
Things that are here:
a +0 short sword; a ball python corpse The jackal barely misses you. x2
The ball python bites you but does no damage.
The ball python barely misses you.
The jackal bites you. x2; The ball python closely misses you. x2
The jackal bites you. x2
* * * LOW HITPOINT WARNING * * *
Things that are here:
a +0 short sword; a ball python corpse You miss the jackal.
The ball python bites you.
* * * LOW HITPOINT WARNING * * *
The ball python closely misses you. The jackal bites you.
* * * LOW HITPOINT WARNING * * *
The jackal bites you but does no damage.
You hit the jackal. You freeze the jackal.
You kill the jackal!
The jackal closely misses you. The ball python closely misses you.
The ball python grabs you. The ball python constricts you.
The jackal barely misses you. The ball python bites you.
You die...

############........#
### ####...#.# ..##
##### #...# # #..#
##...## #...# ##.#
#.....# #...#
#.###.....# #...#
##..##.....# #...#
.....##...## #.S.#
##.#.#'###'####.@.#
#.#.........)..†h#
#......#..#####.....
######.#..#####.......
##...#'.............[...
#.....#......####.......
#.....#.⌠.........#.#..#
#.....#.#.##...##.#.#...
##...#'.#.####.##


You could see a jackal and a ball python.

Vanquished Creatures
  2 ball pythons (D:1)
  A jackal (D:1)
  A kobold (D:1)
4 creatures vanquished.

Notes
Turn   | Place    | Note
-------+----------+-------------------------------------------
     0 | D:1      | Hades the Demigod Transmuter began the quest for the Orb.
     0 | D:1      | Reached XP level 1. HP: 15/15 MP: 5/5
   133 | D:1      | Slain by a ball python

Illustrated notes

Levels and vault maps discovered:
D:1:      noname_arrival_rooms_in_the_neighbourhood, layout_basic,
          serial_co_window_serial, co_window_of_opportunity_a,
          co_window_corner_a, co_window_of_opportunity_a, co_window_corner_a,
          co_window_paths_a, co_window_broadway_c, co_window_cross_3,
          co_window_broadway_c, co_window_2corner, glass_columns_a,
          glass_columns_b, glass_columns_a

Action                     || total
---------------------------++-------
  Melee: Spear             ||     5
   Stab: Sleeping          ||     1
 Armour: Robe              ||     6
  Dodge: Dodged            ||    16

Table legend: (Time is in decaauts)
 A = Elapsed time spent in this place.
 B = Non-inter-level travel time spent in this place.
 C = Inter-level travel time spent in this place.
 D = Time resting spent in this place.
 E = Time spent auto-exploring this place.
 F = Levels seen in this place.
 G = Mean time per level.
                   A        B        C        D        E       F      G
               +--------+--------+--------+--------+--------+-----+--------+
         Total |    132 |    110 |     22 |      0 |      0 |   1 |  132.0 |
       Dungeon |    132 |    110 |     22 |      0 |      0 |   1 |  132.0 |
               +--------+--------+--------+--------+--------+-----+--------+

Top non-repeatable levels by time:
     D:1: 132 daAuts
